 Dungeon Crawl Stone Soup version 0.26-a0-524-g073066f631 (webtiles) character file.

Game seed: 9320921234953341715

102 Eifo4Ohj9gu9Dob0ohLe the Chopper (level 4, -5/44 HPs)
             Began as a Draconian Berserker on Aug 13, 2020.
             Was a Believer of Trog.
             Slain by an ogre
             ... wielding a +0 giant club
              (27 damage)
             ... on level 3 of the Dungeon.
             The game lasted 00:13:36 (1072 turns).

Eifo4Ohj9gu9Dob0ohLe the Chopper (DrBe)             Turns: 1072, Time: 00:13:36

Health: -5/44      AC:  7    Str: 21    XL:     4   Next: 49%
Magic:  4/4        EV: 13    Int:  7    God:    Trog [**....]
Gold:   75         SH:  0    Dex: 10    Spells: 3/3 levels left

rFire    . . .     SeeInvis .   d - +2 dagger (venom)
rCold    . . .     Faith    .   (no shield)
rNeg     . . .     Spirit   .   (armour unavailable)
rPois    .         Reflect  .   (helmet restricted)
rElec    .         Harm     .   e - +0 cloak
rCorr    .                      (no gloves)
MR       .....                  k - +0 pair of boots
Stlth    +.........             (no amulet)
HPRegen  0.14/turn              (no ring)
MPRegen  0.09/turn              (no ring)

@: berserk cooldown, slowed, very slow
A: unfitting armour, antennae 1, robust 1, cold-blooded, MP-powered wands, AC +5
a: Berserk, Trog's Hand, Renounce Religion


You were on level 3 of the Dungeon.
You worshipped Trog.
Trog was pleased with you.
You visited 1 branch of the dungeon, and saw 3 of its levels.

You collected 75 gold pieces.

Inventory:

Hand Weapons
 a - a +0 hand axe
 c - a +0 whip of holy wrath
 d - a +2 dagger of venom (weapon)
Armour
 e - a +0 cloak (worn)
 k - a +0 pair of boots (worn)
Scrolls
 b - a scroll of amnesia {unknown}
 f - a scroll of fog {unknown}
 g - a scroll of random uselessness {unknown}
 j - 4 scrolls of remove curse {unknown}
 l - a scroll of immolation {unknown}
 m - a scroll of identify
Potions
 h - a potion of might {unknown}
 i - a potion of berserk rage {unknown}


   Skills:
 + Level 3.9 Fighting
 + Level 0.3 Short Blades
 + Level 3.9 Axes
 + Level 3.7 Dodging
 + Level 0.4 Stealth


You had 3 spell levels left.
You didn't know any spells.
Your spell library was empty.

Dungeon Overview and Level Annotations

Branches:
Dungeon (3/15)

Altars:


Innate Abilities, Weirdness & Mutations

Your plain brown scales are hard. (AC +5)
You cannot fit into any form of body armour.
You are cold-blooded and may be slowed by cold attacks.
You have a pair of small antennae on your head.
You are robust. (+10% HP)
You expend magic power (3 MP) to strengthen your wands.


Message History

You barely miss the orc. You tail-slap the orc!
You kill the orc!
Trog accepts your kill.
You feel a strong urge to attack something.
You are no longer berserk.
You are exhausted.
You feel yourself slow down.
You see here a +0 trident.
Items here: ( )))) †.
Okay, then.
An ogre comes into view. It is wielding a +0 giant club.
Things that are here:
a cursed -2 flail; a +0 leather armour The ogre shouts!
The ogre hits you with a +0 giant club!
You hit the ogre.
The ogre is poisoned.
The ogre is lightly wounded.
The ogre hits you with a +0 giant club!!
Ouch! That really hurt!
You die...

....#. . .#.... ..
##.....!. ... #........
#.. .... #........ #.#
.....## #........ #
#.##..#....###........
.####.##..#....O@.[.......
...#.........###))........
......##.=...####)........
....#.##...#....#..##>...#
............# #.##.#.....#
......go..#.###..........#
....#..#.................#
....##.##...###......?...#
....##.###o.# #..........#


You could see an ogre (very poisoned).

Vanquished Creatures
  4 adders
  2 oozes
  2 dart slugs
  4 orcs (D:3)
  A ball python (D:2)
  5 bats
  4 giant cockroaches
  7 goblins
  A hobgoblin (D:2)
  2 jackals (D:1)
  5 kobolds
  8 frilled lizards
  7 rats
52 creatures vanquished.

Vanquished Creatures (others)
  A rat (D:2)
1 creature vanquished.

Grand Total: 53 creatures vanquished

Notes
Turn   | Place    | Note
-------+----------+-------------------------------------------
     0 | D:1      | Eifo4Ohj9gu9Dob0ohLe the Draconian Berserker began the
                  | quest for the Orb.
     0 | D:1      | Reached XP level 1. HP: 19/19 MP: 1/1
    78 | D:1      | Reached XP level 2. HP: 12/26 MP: 2/2
    92 | D:1      | HP: 1/26 [kobold/+0 whip of holy wrath (5)]
   315 | D:1      | Gained mutation: You have a pair of small antennae on your
                  | head. [potion of mutation]
   315 | D:1      | Gained mutation: You are robust. (+10% HP) [potion of
                  | mutation]
   315 | D:1      | Gained mutation: You expend magic power (3 MP) to
                  | strengthen your wands. [potion of mutation]
   492 | D:2      | Reached ** piety under Trog
   492 | D:2      | Reached XP level 3. HP: 33/36 MP: 3/3
   749 | D:2      | Reached XP level 4. HP: 40/44 MP: 4/4
  1065 | D:3      | Noticed an ogre
  1072 | D:3      | Slain by an ogre

Illustrated notes

Levels and vault maps discovered:
D:1:      eino_arrival_cavern_a, layout_rooms
D:2:      layout_rooms
D:3:      layout_rooms

Skill      XL: |  1  2 |
---------------+-------+-----
Dodging        | 3 |  3.7
Fighting       | |  3.9
Short Blades   | |  0.3
Axes           | |  3.9
Stealth        | |  0.4

Action                   |  1- 3 |  4- 6 || total
-------------------------+-------+-------++-------
Melee: Hand axe          |    37 |       ||    37
       Tailslap          |    10 |     3 ||    13
       Dagger            |    64 |    33 ||    97
Invok: Berserk           |       |     1 ||     1
  Use: Potion            |     4 |       ||     4
       Scroll            |     1 |     1 ||     2
Armor: Skin              |    49 |     7 ||    56
Dodge: Dodged            |    72 |    20 ||    92

Table legend: (Time is in decaauts)
 A = Elapsed time spent in this place.
 B = Non-inter-level travel time spent in this place.
 C = Inter-level travel time spent in this place.
 D = Time resting spent in this place.
 E = Time spent auto-exploring this place.
 F = Levels seen in this place.
 G = Mean time per level.
                   A        B        C        D        E       F      G
               +--------+--------+--------+--------+--------+-----+--------+
         Total |   1079 |    784 |    295 |      0 |      0 |   3 |  359.7 |
       Dungeon |   1079 |    784 |    295 |      0 |      0 |   3 |  359.7 |
               +--------+--------+--------+--------+--------+-----+--------+

Top non-repeatable levels by time:
     D:2: 516 daAuts
     D:1: 450 daAuts
     D:3: 112 daAuts
